 Dungeon Crawl Stone Soup version 0.29.1-15-g9cfb28693d (webtiles) character file.

Game seed: 8387355283013577114

137 ThatPearl the Trooper (level 5, -1/34 HPs)
             Began as a Gargoyle Monk on Mar 17, 2023.
             Killed by divine providence
             ... invoked by an orc priest
              (11 damage)
             ... on level 3 of the Dungeon.
             The game lasted 00:08:07 (2285 turns).

ThatPearl the Trooper (Gargoyle Monk)               Turns: 2285, Time: 00:08:07

Health: -1/34      AC: 14    Str: 13 (15) XL:     5   Next: 20%
Magic:  5/5        EV:  9    Int: 11 (12) God:
Gold:   155        SH:  0    Dex: 11 (12) Spells: 4/4 levels left

rFire   + . .      SeeInvis +   a - +0 hand axe
rCold   . . .      Faith    .   (no shield)
rNeg    + . .      Spirit   .   c - +0 scale mail
rPois   ∞          Reflect  .   j - +2 helmet {SInv}
rElec   +          Harm     .   (no cloak)
rCorr   .          Rampage  .   (no gloves)
Will    .....                   m - +0 pair of boots
Stlth   ..........              d - amulet of regeneration
HPRegen 0.91/turn               l - ring of protection from fire
MPRegen 0.09/turn               (no ring)

@: brilliant
A: sickness immunity, AC +4, negative energy resistance 1, electricity
resistance, torment resistance 1, petrification resistance
a: no special abilities


You were on level 3 of the Dungeon.
You visited 1 branch of the dungeon, and saw 4 of its levels.

You collected 155 gold pieces.

Inventory:

Hand Weapons
 a - a +0 hand axe (weapon)
 b - a +0 shortbow
 k - a +1 whip of venom
Missiles
 g - 42 stones
 o - 5 boomerangs (quivered)
Armour
 c - a +0 scale mail (worn)
 j - a +2 helmet of see invisible (worn)
 m - a +0 pair of boots (worn)
Magical Staves
 q - a staff of death
Jewellery
 d - an amulet of regeneration (around neck)
 l - a ring of protection from fire (left hand)
Scrolls
 e - a scroll of identify {unknown}
 i - a scroll of vulnerability {unknown}
 p - a scroll of acquirement {unknown}
 r - a scroll of fear {unknown}
Potions
 f - a potion of attraction {unknown}
 h - a potion of brilliance


   Skills:
 + Level 4.8 Fighting
 + Level 4.0 Axes
 + Level 1.4 Armour
 - Level 2.4 Dodging
 - Level 2.1 Stealth


You had 4 spell levels left.
You didn't know any spells.
Your spell library was empty.

Dungeon Overview and Level Annotations

Branches:
Dungeon (4/15)
 Temple: D:4-7

Altars:

Shops:
D:2 (

Annotations:
D:4 3 runed translucent doors, Ast3rio's ghost, amateur MeCA; AverageBear's ghost, amateur OpFi; Beryl's ghost, amateur DgEn; BigBossMan's ghost, amateur OgFi; safid's ghost, amateur MfIE


Innate Abilities, Weirdness & Mutations

You are immune to sickness and miasma.
Your stone body is resilient. (AC +4)
You are immune to poison.
You resist negative energy. (rN+)
You are resistant to electric shocks. (rElec)
You are resistant to unholy torment.
You are immune to petrification.


Message History

The orc hits you with a +0 club.
It was a potion of brilliance.
You feel clever all of a sudden.
The orc wizard hits you but does no damage.
The orc hits you but does no damage. The orc wizard casts a spell at you.
The magic dart hits you.
Unknown command.
It was a potion of degeneration.
There was something very wrong with that liquid.
You feel weakened.
You feel dopey.
You feel clumsy.
You feel less confused. The orc hits you but does no damage.
The orc priest hits you but does no damage.
You hit the orc priest but do no damage.
You hit the orc but do no damage. The orc hits you with a +0 club.
The orc priest hits you with a +0 whip.
You hit the orc priest but do no damage.
You hit the orc. You closely miss the orc wizard.
The orc wizard closely misses you. The orc hits you but does no damage.
The orc priest hits you with a +0 whip.
You slash the orc priest!
The orc priest is heavily wounded.
You hit the orc. You hit the orc wizard.
The orc wizard hits you with a +0 dagger.
The orc hits you with a +0 club.
* * * LOW HITPOINT WARNING * * *
The orc priest casts a cantrip, but nothing happens.
You closely miss the orc priest.
The orc priest is heavily wounded.
You hit the orc wizard. You hit the orc.
You kill the orc!
The orc priest barely misses you.
The orc wizard hits you but does no damage.
You hit the orc priest but do no damage.
The orc priest is heavily wounded.
You barely miss the orc wizard.
The orc priest calls down the wrath of Beogh upon you.
Beogh smites you!
You die...

#####.....###...###.#....#...≈..
#.........# #..>###.#.####≈.§.≈.
#.......#.###...##....# #.≈§..≈
#..<....#.......++....####≈.§)≈.
#...o...#....................≈..
#.......#.................≈.≈.≈.
#.......#.........###....§§§§§§≈
#...o...#.....oo)...#.....§.≈§≈.
#.##...........@.......##...§§§.
#.##o.......###........##.§.§.≈.
#.##........#.....#...)##..§...≈
##.##......###.....#....####.≈.≈.
#..................+....# .+...
#..........###.....#....#.####...
#.#...##...................# ...
#...........#####...#####..# #..
###...#.#.#.#...........#..# ...


You could see an orc priest and an orc wizard.

Vanquished Creatures
  A gnoll (D:1)
  4 adders
  A worm (D:3)
  3 dart slugs
  5 orcs
  5 endoplasms
  5 giant cockroaches
  6 goblins
  11 hobgoblins
  5 jackals
  4 kobolds
  4 quokkas
  4 ball pythons
  6 bats
  4 rats
68 creatures vanquished.

Notes
Turn   | Place    | Note
-------+----------+-------------------------------------------
     0 | D:1      | ThatPearl the Gargoyle Monk began the quest for the Orb.
     0 | D:1      | Reached XP level 1. HP: 14/14 MP: 1/1
   219 | D:1      | Reached XP level 2. HP: 18/19 MP: 2/2
   378 | D:1      | Reached XP level 3. HP: 24/24 MP: 3/3
   807 | D:2      | Reached XP level 4. HP: 30/30 MP: 4/4
   990 | D:2      | Found Dobruth's Weapon Boutique.
  1345 | D:2      | You fall into a shaft and drop 1 floor!
  1412 | D:3      | Reached skill level 1 in Armour
  1543 | D:3      | Reached XP level 5. HP: 34/34 MP: 5/5
  1900 | D:2      | Found a faded altar of an unknown god.
  2246 | D:4      | Noticed safid's ghost (amateur MfIE)
  2246 | D:4      | Noticed AverageBear's ghost (amateur OpFi)
  2246 | D:4      | Noticed BigBossMan's ghost (amateur OgFi)
  2246 | D:4      | Noticed Beryl's ghost (amateur DgEn)
  2246 | D:4      | Found a runed translucent gate.
  2246 | D:4      | Found a runed translucent gate.
  2246 | D:4      | Found a runed translucent gate.
  2247 | D:4      | Noticed Ast3rio's ghost (amateur MeCA)
  2285 | D:3      | Killed from afar by an orc priest

Illustrated notes

Levels and vault maps discovered:
D:1:      shiori_arrival_maze, layout_rooms, chequers_serial_rivers_room_a,
          minmay_misc_feat_nine_boxes
D:2:      layout_loops_ring, basic_ecumenical_altar, serial_shops,
          nicolae_shop_bloodbath_and_beyond, guppyfry_early_orc_mine
D:3:      layout_basic, kennysheep_crisscross, minmay_puff
D:4:      due_chaos_kobolds, layout_cave_pools,
          nicolae_kikubaaqudgha_miasma_corner, gammafunk_ghost_cemetery,
          nicolae_shop_i_like_big_books, uniq_menkaure

Skill      XL: |  1  2  3  4  5 |
---------------+----------------+-----
Axes           | 3 4 |  4.0
Fighting       | 4 |  4.8
Armour         | 1 |  1.4
Dodging        | |  2.4
Stealth        | |  2.1

Action                   |  1- 3 |  4- 6 || total
-------------------------+-------+-------++-------
Melee: Hand axe          |   167 |   121 ||   288
       Punch             |     3 |       ||     3
       Whip              |       |    25 ||    25
 Fire: Shortbow          |       |     7 ||     7
Throw: Stone             |     3 |       ||     3
       Boomerang         |       |     1 ||     1
  Use: Potion            |     1 |     2 ||     3
 Stab: Sleeping          |     5 |       ||     5
Armor: Robe              |    27 |       ||    27
       Leather armour    |    40 |     8 ||    48
       Scale mail        |       |    91 ||    91
Dodge: Dodged            |   106 |    93 ||   199
